Map: Triton LE

Players

uThermal - Winner!

  • Race: Terran Terran
  • Spawn Location: 11:00

BluE

  • Race: Protoss Protoss
  • Spawn Location: 5:00

Event: IEM Katowice 2020

VOD

Have the link to the VOD?

Description

Time

  • Played on: Feb. 25, 2020, 11:08 a.m.
  • Length: 9:23

All games in this series

Show
View Real Time Build Order
Export as new Build Order

uThermal Terran - Winner!

Build Orders: Reaper Expand, Banshee Rush 

Get SALT Encoding   

  12  0:01  SCV  
  13  0:13  SCV  
  14  0:17  Supply Depot  
  14  0:25  SCV  
  15  0:38  SCV  
  15  0:40  Barracks  
  16  0:43  Refinery  
  16  0:50  SCV  
  17  1:02  SCV  
  18  1:14  SCV  
  19  1:27  Orbital Command, Reaper  
  20  1:39  Command Center  
  20  1:47  Supply Depot  
  20  1:53  SCV  
  21  1:59  Marine  
  22  2:05  SCV  
  22  2:06  Factory  
  23  2:13  Refinery  
  23  2:18  SCV  
  23  2:19  Barracks Reactor  
  24  2:30  SCV  
  25  2:42  SCV  
  26  2:50  Hellion  
  28  2:51  Starport  
  28  2:52  Orbital Command  
  28  2:54  SCV  
  28  2:56  Marine x2  
  31  3:06  SCV  
  31  3:12  Factory Tech Lab  
  32  3:14  Marine x2  
  32  3:18  SCV x2  
  36  3:21  Supply Depot  
  36  3:30  SCV x2  
  36  3:32  Marine x2  
  40  3:36  Factory Tech Lab  
  40  3:41  Cloaking Field, Banshee  
  40  3:42  SCV x2  
  45  3:52  Marine x2  
  45  3:53  Supply Depot  
  45  3:54  SCV x2  
  49  4:00  Siege Tank  
  52  4:06  SCV  
  52  4:07  SCV  
  52  4:08  Supply Depot  
  53  4:11  Marine  
  53  4:15  Marine  
  53  4:16  Supply Depot  
  55  4:19  SCV x2  
  57  4:24  Banshee  
  57  4:29  Marine  
  57  4:31  SCV x2  
  63  4:33  Marine  
  64  4:41  Command Center, Siege Tank  
  67  4:47  SCV x2, Marine  
  67  4:50  Marine  
  71  4:53  Supply Depot  
  71  5:00  SCV x2  
  71  5:01  Barracks  
  71  5:03  Barracks  
  71  5:05  Marine  
  72  5:08  Marine  
  72  5:12  SCV x2  
  72  5:13  Siege Tank  
  78  5:22  Marine  
  78  5:23  Refinery  
  78  5:24  SCV, Refinery  
  78  5:25  SCV  
  78  5:26  Marine  
  85  5:36  Engineering Bay  
  85  5:37  SCV x2  
  85  5:39  Engineering Bay  
  86  5:49  SCV x2  
  83  5:53  Marine x2  
  83  5:54  SCV  
  83  5:56  Factory Reactor, Starport Reactor  
  84  5:59  Marine  
  84  6:00  Marine, Combat Shield, Stimpack  
  84  6:01  SCV  
  84  6:02  SCV  
  86  6:13  Bunker x2  
  86  6:14  SCV  
  86  6:15  Bunker  
  86  6:17  Marine  
  86  6:18  Marauder  
  87  6:23  Marine  
  87  6:24  Marauder  
  81  6:35  Marine  
  81  6:36  SCV, Terran Infantry Weapons Level 1, Terran Infantry Armor Level 1  
  81  6:37  Barracks  
  81  6:39  Barracks  
  75  6:41  Marine, Orbital Command  
  75  6:42  Marauder  
  75  6:45  Marine, SCV  
  84  6:47  Widow Mine x2  
  84  6:51  SCV  
  84  6:53  Marine  
  86  6:59  Medivac  
  86  7:00  SCV  
  89  7:01  Marine  
  89  7:02  Supply Depot x2  
  89  7:03  Marauder x2  
  89  7:06  SCV  
  95  7:09  Supply Depot  
  95  7:10  Refinery  
  95  7:11  Refinery  
  95  7:13  Widow Mine x2  
  95  7:14  SCV  
  101  7:15  SCV  
  101  7:18  Concussive Shells  
  101  7:23  SCV, Missile Turret  
  101  7:24  Missile Turret  
  101  7:25  Barracks Reactor, Marauder, Barracks Tech Lab  
  101  7:26  SCV  
  105  7:30  Marine x2  
  105  7:31  Supply Depot  
  105  7:32  Medivac  
  105  7:34  Widow Mine  
  111  7:38  SCV  
  111  7:39  Marine  
  111  7:40  Missile Turret, Supply Depot  
  111  7:41  SCV, Missile Turret  
  111  7:42  Widow Mine  
  111  7:43  Medivac  
  118  7:46  Marauder  
  118  7:48  Marine, Armory  
  118  7:49  Marauder  
  123  7:51  Marine  
  123  7:54  SCV x2  
  123  7:57  Marine, Widow Mine  
  127  8:00  SCV  
  127  8:03  Widow Mine  
  130  8:06  Marine, Supply Depot  
  130  8:07  Marine, Marauder  
  130  8:08  Marine  
  130  8:09  SCV, Supply Depot  
  130  8:12  Medivac  
  136  8:13  Medivac  
  136  8:17  Marine  
  136  8:18  Marauder  
  141  8:28  Command Center  
  141  8:29  Fusion Core  
  141  8:31  Marine  
  141  8:32  Marauder  
  144  8:39  Marine, Marauder  
  147  8:49  Marine  
  147  8:50  Marauder  
  145  8:58  Marine, Marauder  
Show
View Real Time Build Order
Export as new Build Order

BluE Protoss 

Build Orders: 1 Gate Expand, Blink Stalkers 

Get SALT Encoding   

  12  0:00  Probe  
  13  0:12  Probe  
  14  0:17  Pylon  
  14  0:24  Probe (Chrono Boost)  
  15  0:37  Probe (Chrono Boost)  
  15  0:38  Gateway  
  16  0:44  Probe (Chrono Boost)  
  16  0:47  Assimilator  
  17  0:51  Probe  
  18  1:03  Probe  
  19  1:15  Probe  
  20  1:25  Nexus  
  20  1:33  Cybernetics Core  
  20  1:36  Probe  
  21  1:42  Assimilator  
  21  1:49  Probe  
  21  1:52  Pylon  
  22  2:01  Probe (Chrono Boost)  
  23  2:08  Stalker (Chrono Boost)  
  23  2:10  Warp Gate  
  23  2:13  Probe (Chrono Boost)  
  26  2:20  Probe (Chrono Boost)  
  27  2:27  Probe  
  28  2:31  Sentry  
  30  2:42  Probe (Chrono Boost)  
  31  2:45  Probe (Chrono Boost)  
  32  2:52  Twilight Council  
  32  2:54  Probe (Chrono Boost)  
  32  2:55  Probe (Chrono Boost)  
  34  2:59  Probe (Chrono Boost)  
  34  3:02  Adept  
  34  3:05  Probe (Chrono Boost)  
  38  3:11  Probe (Chrono Boost)  
  39  3:17  Gateway  
  41  3:20  Probe (Chrono Boost)  
  41  3:21  Probe (Chrono Boost)  
  41  3:23  Blink (Chrono Boost)  
  41  3:28  Probe  
  41  3:29  Probe  
  43  3:40  Probe  
  44  3:41  Probe  
  45  3:52  Probe  
  45  3:55  Robotics Facility  
  46  3:57  Pylon  
  46  4:05  Gateway  
  46  4:09  Assimilator  
  46  4:10  Pylon  
  46  4:15  Probe x2  
  48  4:21  Stalker x2  
  52  4:26  Pylon  
  52  4:27  Probe x2  
  54  4:31  Nexus  
  54  4:39  Probe x2  
  54  4:42  Observer  
  54  4:45  Stalker x2  
  61  4:47  Pylon  
  61  4:51  Probe  
  61  4:52  Probe  
  63  4:56  Pylon  
  63  4:59  Stalker  
  65  5:01  Charge (Chrono Boost)  
  65  5:04  Observer  
  66  5:08  Probe x2  
  66  5:11  Stalker  
  69  5:15  Stalker  
  69  5:20  Probe  
  71  5:24  Probe  
  72  5:32  Probe  
  72  5:33  Immortal (Chrono Boost)  
  77  5:37  Stalker  
  77  5:38  Stalker  
  81  5:46  Pylon  
  79  5:56  Probe  
  80  5:59  Adept  
  82  6:06  Adept x2  
  82  6:08  Immortal  
  76  6:21  Probe x2  
  74  6:27  Stalker  
  74  6:28  Stalker  
  74  6:31  Stalker  
  74  6:33  Probe (Chrono Boost)  
  74  6:36  Probe (Chrono Boost), Forge  
  76  6:45  Probe (Chrono Boost)  
  75  6:48  Observer  
  75  6:49  Probe (Chrono Boost)  
  75  6:50  Probe (Chrono Boost)  
  77  6:57  Probe  
  77  7:00  Probe (Chrono Boost)  
  77  7:06  Gateway  
  77  7:07  Gateway  
  77  7:09  Protoss Ground Armor Level 1 (Chrono Boost)  
  77  7:10  Probe (Chrono Boost)  
  77  7:12  Probe (Chrono Boost)  
  77  7:15  Probe (Chrono Boost)  
  80  7:19  Probe (Chrono Boost), Pylon  
  80  7:20  Probe (Chrono Boost)  
  80  7:22  Stalker  
  85  7:23  Probe (Chrono Boost)  
  85  7:24  Probe (Chrono Boost)  
  85  7:25  Stalker  
  85  7:26  Probe  
  89  7:31  Gateway  
  89  7:34  Probe, Gateway  
  90  7:37  Gateway  
  90  7:41  Gateway  
  90  7:44  Gateway  
  90  7:47  Warp Prism (Chrono Boost)  
  92  7:55  Pylon, Sentry x2, Observer  
  92  7:56  Zealot  
  98  8:01  Pylon  
  98  8:04  Zealot x2  
  102  8:13  Pylon  
  102  8:18  Stalker  
  102  8:19  Zealot x2  
  108  8:26  Pylon  
  108  8:29  Pylon  
  108  8:31  Zealot x4  
  116  8:34  Assimilator  
  116  8:39  Assimilator  
  112  8:49  Zealot x2  
  112  8:50  Zealot x4  
  119  8:57  Zealot  
  119  8:58  Zealot x3  
  83  9:12  Zealot x5  
  83  9:15  Zealot  

Tags
 
Add a new tag
Caveats
  • Supply blocks, unpowered buildings, or Contaminate may cause inaccurate times.
  • Supply counts are checked every 10 seconds.